 Dungeon Crawl Stone Soup version 0.17-a0-1910-g4c791fa (webtiles) character file.

25 derrpe the Ogre Mage (level 3, 0/31 HPs)
             Began as an Ogre Wizard on Sept 25, 2015.
             Slain by an adder (4 damage)
             ... on level 1 of the Dungeon.
             The game lasted 00:02:02 (1356 turns).

derrpe the Ogre Mage (Ogre Wizard)                  Turns: 1356, Time: 00:02:02

Health: 0/31       AC:  3    Str: 12    XL:     3   Next: 6%
Magic:  1/8        EV: 15    Int: 18    God:
Gold:   9          SH:  0    Dex: 13    Spells: 3 memorised, 4 levels left

rFire  . . .     SeeInvis .     l - +0 mace
rCold  . . .     Clarity  .     i - +0 robe (curse)
rNeg   . . .     SustAt   .     (no shield)
rPois  .         Gourm    .     b - +0 hat
rElec  .         Spirit   .     (no cloak)
rCorr  .         Warding  .     (gloves unavailable)
rMut   .         Stasis   .     (boots unavailable)
MR     .....                    (no amulet)
Stlth  ++........               (no ring)
                                g - ring of loudness (curse)

@: agile, very slightly contaminated, not resistant to hostile enchantments,
unstealthy
A: unfitting armour, tough skin 1
a: no special abilities


You were on level 1 of the Dungeon.
You were very hungry.

You visited 1 branch of the dungeon, and saw 2 of its levels.

You collected 9 gold pieces.

Inventory:

Hand weapons
 l - a +0 mace (weapon)
Missiles
 f - 26 poisoned needles
Armour
 b - a +0 hat (worn)
 i - a cursed +0 robe (worn)
Jewellery
 e - an uncursed ring of protection from fire {unknown}
 g - a cursed ring of loudness (left hand)
 k - an uncursed ring of poison resistance {unknown}
Books
 c - a book of Minor Magic

   Spells                             Type                      Level
   a - Magic Dart                     Conjuration                  1
   b - Blink                          Translocation                2
   c - Call Imp                       Summoning                    2
   d - Repel Missiles                 Charms/Air                   2
   e - Slow                           Hexes                        2
   f - Conjure Flame                  Conjuration/Fire             3
   g - Mephitic Cloud                 Conjuration/Poison/Air       3
Comestibles
 a - a meat ration {@e2}
 d - a bread ration {@e1}


   Skills:
 - Level 1.7 Dodging
 - Level 1.5 Stealth
 + Level 3.9 Spellcasting
 * Level 1.8 Conjurations
   Level 0.6 Summonings
 - Level 0.6 Translocations


You had 4 spell levels left.
You knew the following spells:

 Your Spells              Type           Power        Failure   Level  Hunger
a - Magic Dart            Conj           ##..         10%         1    None
b - Blink                 Tloc           N/A          17%         2    ##.....
c - Repel Missiles        Chrm/Air       #.....       28%         2    ##.....


Dungeon Overview and Level Annotations

Branches:
Dungeon (2/15)

Altars:


Innate Abilities, Weirdness & Mutations

You are too large for most types of armour.
You have tough skin (AC +1).


Message History

Press: ? - help, Shift-Dir - straight line, f - adder
Aim: an adder You miscast Magic Dart.
You are very lightly contaminated with residual magic.
You feel a strange surge of energy! The adder closely misses you.
You closely miss the adder. The adder bites you but does no damage.
The adder bites you.
* * * LOW HITPOINT WARNING * * *
You barely miss the adder.
You feel sick. The adder barely misses you. The adder bites you.
* * * LOW HITPOINT WARNING * * *
You barely miss the adder. The adder bites you but does no damage.
The adder barely misses you.
You barely miss the adder. The adder closely misses you.
You hit the adder.
The adder is lightly wounded.
You feel sick.
You are no longer poisoned.
The adder bites you.
You die...

.#.#.....#...#...)..............#
.#.#############.########.......#
.#...............# #.......#
.###############.########........
.# #############.#..............#
.# #............>..........†.....
.# #.###########.#.#####.#...#...
.# #.# #S#.# #.#....... .# #.#
##@#.# #.#....... .# #.#
#....#####.##.###.. .# #.#
#.................. .# #.####
#....####.###.##... .# #....#
##....####.#...##... .#
####'######........#.#.####... .#
#........#........#.#.# #... .#
#........#........#.#.####... .#
#........#........#.#........


You could see an adder.

Vanquished Creatures
  An ooze (D:1)
  A giant gecko (D:1)
  6 bats (D:1)
  3 hobgoblins (D:1)
  A ball python (D:1)
  2 goblins (D:1)
  3 kobolds (D:1)
  2 rats (D:1)
19 creatures vanquished.

Notes
Turn   | Place    | Note
--------------------------------------------------------------
     0 | D:1      | derrpe the Ogre Wizard began the quest for the Orb.
     0 | D:1      | Reached XP level 1. HP: 16/16 MP: 5/5
     6 | D:1      | Noticed a komodo dragon
     6 | D:1      | Noticed a giant leech
     6 | D:1      | Noticed a soldier ant
     7 | D:1      | Noticed a yaktaur
   333 | D:1      | Reached skill level 1 in Conjurations
   402 | D:1      | Reached XP level 2. HP: 24/24 MP: 1/6
  1289 | D:1      | Learned a level 2 spell: Blink
  1292 | D:1      | Learned a level 2 spell: Repel Missiles
  1350 | D:1      | Reached XP level 3. HP: 12/31 MP: 1/8
  1356 | D:1      | Slain by an adder

Vault maps used:
D:1:      onia_arrival_zoo_common

Action                   || total
-------------------------++-------
Melee: Club              ||    18
       Mace              ||     6
 Cast: Magic Dart        ||    49
  Use: Potion            ||     1
